 Dungeon Crawl Stone Soup version 0.28-a0-1212-gc6b4282bc0 (webtiles) character file.

Game seed: 215806999391758982

21 Grim the Vexing (level 3, 12/20 HPs)
             Began as a Kobold Arcane Marksman on Dec 20, 2021.
             Quit the game on level 1 of the Dungeon.
             The game lasted 00:01:51 (700 turns).

Grim the Vexing (Kobold Arcane Marksman)             Turns: 700, Time: 00:01:51

Health: 12/20      AC:  2    Str:  7    XL:     3   Next: 2%
Magic:  4/4        EV: 15    Int: 16    God:
Gold:   63         SH:  0    Dex: 15    Spells: 3/4 levels left

rFire   . . .      SeeInvis .   a - +0 hand crossbow
rCold   . . .      Faith    .   (shield restricted)
rNeg    . . .      Spirit   .   d - +0 robe
rPois   .          Reflect  .   (no helmet)
rElec   .          Harm     .   (no cloak)
rCorr   .          Rampage  .   (no gloves)
Will    .....                   (no boots)
Stlth   ++........              (no amulet)
HPRegen 0.06/turn               (no ring)
MPRegen 0.09/turn               (no ring)

@: no status effects
A: small, no large weapons, nightstalker 3
a: no special abilities


You were on level 1 of the Dungeon.
You visited 1 branch of the dungeon, and saw 1 of its levels.

You collected 63 gold pieces.

Inventory:

Hand Weapons
 a - a +0 hand crossbow (weapon)
Missiles
 c - 14 bolts (quivered ammo)
Armour
 d - a +0 robe (worn)
Scrolls
 b - a scroll of summoning {unknown}
 e - 2 scrolls of identify {unknown}
 f - a scroll of enchant armour {unknown}
 g - a scroll of amnesia {unknown}
 h - a scroll of silence {unknown}
Potions
 i - a potion of curing {unknown}


   Skills:
 - Level 1.1 Fighting
 + Level 3.2 Crossbows
 - Level 2.4 Dodging
 - Level 1.1 Spellcasting
 + Level 3.5 Hexes


You had 3 spell levels left.
You knew the following spells:

 Your Spells              Type           Power      Damage    Failure   Level
a - Slow                  Hex            48%        N/A       5%          1

Your spell library contained the following spells:

 Spells                   Type           Power      Damage    Failure   Level
 Inner Flame              Hex/Fire       6%         N/A       32%         3
 Portal Projectile        Hex/Tloc       12%        N/A       32%         3
 Cause Fear               Hex            6%         N/A       47%         4


Dungeon Overview and Level Annotations

Branches:
Dungeon (1/15)

Altars:


Innate Abilities, Weirdness & Mutations

You are small and have problems with some larger weapons.
You are completely attuned to the shadows.


Message History

An endoplasm comes into view.
Really attack while wielding your +0 hand crossbow? [Y]es or [N]o only, please.
Really attack while wielding your +0 hand crossbow? [Y]es or [N]o only, please.
Really attack while wielding your +0 hand crossbow? [Y]es or [N]o only, please.
Really attack while wielding your +0 hand crossbow? [Y]es or [N]o only, please.
Really attack while wielding your +0 hand crossbow?
Okay, then.
The jackal closely misses you. The kobold barely misses you.
The quokka bites you but does no damage.
The jackal barely misses you. The quokka misses you. The quokka bites you.
A bat comes into view.
The bat closely misses you. The bat hits you but does no damage.
The quokka misses you. The bat hits you but does no damage. The bat misses you.
The bat hits you but does no damage. The bat closely misses you.
The quokka barely misses you. The bat closely misses you.
The bat barely misses you. The quokka completely misses you.
The bat hits you but does no damage. The bat misses you.
The bat closely misses you. The bat completely misses you.
The quokka bites you. The bat closely misses you. The bat closely misses you.
The jackal bites you.
* * * LOW HITPOINT WARNING * * *
The bat barely misses you. The bat hits you but does no damage.
The jackal completely misses you.
There is a large open door here.
The bat completely misses you. The jackal misses you.
Are you sure you want to abandon this character and quit the game? (Confirm with "yes".)
Okay, then.
Are you sure you want to abandon this character and quit the game? (Confirm with "yes".)

....##..###########...##)#.....
.#..##..#........#....#(##.....
........#...##...+....###......
........#........+.............
........#........#.#...........
........#<.......#.............
........#........#........#....
.....##.#.......b'............
........#...##..@hr...........
........#........#K.........# ..
........###########.........# #..
..........##................###..
...........+.....................
..........##...............####..
.................................
.#..#+#..........................
......#...................#...#..


You could see a quokka, a jackal, a bat and a kobold.

Vanquished Creatures
  2 ball pythons (D:1)
  A bat (D:1)
  5 endoplasms (D:1)
  A goblin (D:1)
  A hobgoblin (D:1)
  3 jackals (D:1)
  2 kobolds (D:1)
  A rat (D:1)
16 creatures vanquished.

Notes
Turn   | Place    | Note
-------+----------+-------------------------------------------
     0 | D:1      | Grim the Kobold Arcane Marksman began the quest for the
                  | Orb.
     0 | D:1      | Reached XP level 1. HP: 12/12 MP: 2/2
    54 | D:1      | Reached XP level 2. HP: 16/16 MP: 3/3
   371 | D:1      | Found a faded altar of an unknown god.
   486 | D:1      | Reached XP level 3. HP: 11/20 MP: 2/4
   700 | D:1      | Quit the game

Illustrated notes

Levels and vault maps discovered:
D:1:      lemuel_arrival_behind_the_door_large, layout_basic,
          hellmonk_ecumenical_altar_crossroads, minmay_bisected

Skill      XL: |  1  2 |
---------------+-------+-----
Crossbows      | 3 |  3.2
Fighting       | |  1.1
Dodging        | |  2.4
Spellcasting   | |  1.1
Hexes          | |  3.5

Action                   || total
-------------------------++-------
 Fire: Hand crossbow     ||    36
 Cast: Slow              ||     2
Armor: Robe              ||    10
Dodge: Dodged            ||    40

Table legend: (Time is in decaauts)
 A = Elapsed time spent in this place.
 B = Non-inter-level travel time spent in this place.
 C = Inter-level travel time spent in this place.
 D = Time resting spent in this place.
 E = Time spent auto-exploring this place.
 F = Levels seen in this place.
 G = Mean time per level.
                   A        B        C        D        E       F      G
               +--------+--------+--------+--------+--------+-----+--------+
         Total |    712 |    712 |      0 |    136 |    409 |   1 |  712.0 |
       Dungeon |    712 |    712 |      0 |    136 |    409 |   1 |  712.0 |
               +--------+--------+--------+--------+--------+-----+--------+

Top non-repeatable levels by time:
     D:1: 712 daAuts
